 Dungeon Crawl Stone Soup version 0.24-a0-235-g3f03afc (webtiles) character file.

Game seed: 8853030192396831571

35339 emperorscorpion the Thaumaturge (level 13, -9/100 HPs)
             Began as a Demigod Wanderer on Apr 4, 2019.
             Killed from afar by an orc sorcerer (23 damage)
             ... with a bolt of negative energy
             ... on level 2 of the Orcish Mines on Apr 5, 2019.
             The game lasted 01:10:20 (20015 turns).

emperorscorpion the Thaumaturge (Demigod Wanderer) Turns: 20015, Time: 01:10:20

Health: -9/100     AC: 11    Str: 16    XL:     13   Next: 16%
Magic:  21/38      EV: 12    Int: 28    God:
Gold:   486        SH:  5    Dex: 13    Spells: 19/36 levels left

rFire    + . .     SeeInvis .   b - +4 dagger (venom)
rCold    + . .     Gourm    .   x - +1 buckler
rNeg     . . .     Faith    .   y - +1 ring mail "Jegil" {Int+3 Slay+3}
rPois    .         Spirit   .   h - +0 Maxwell's etheric cage {RegenMP+ *Contam rElec MP+4}
rElec    +         Reflect  .   A - scarf {rC+ rF+}
rCorr    .         Harm     .   (no gloves)
MR       +....                  (no boots)
Stlth    +.........             I - amulet of magic regeneration
HPRegen  0.26/turn              H - ring of wizardry MPRegen 1.01/turn*
                                r - +3 ring of protection

@: very slightly contaminated, heavily drained
A: high mp 1
a: no special abilities


You were on level 2 of the Orcish Mines.
You were very hungry.

You visited 2 branches of the dungeon, and saw 17 of its levels.
You also visited: Gauntlet.

You collected 882 gold pieces.
You spent 396 gold pieces at shops.

Inventory:

Hand Weapons
 b - a +4 dagger of venom (weapon)
 u - a +0 hand crossbow
 E - a +1 scimitar of flaming
 N - a +2 dagger of speed
 Y - a +0 blowgun
Missiles
 d - 94 bolts
 O - 3 curare-tipped needles
 P - a throwing net (quivered)
 S - 17 javelins of returning
Armour
 h - the +0 Maxwell's etheric cage (worn) {RegenMP+ *Contam rElec MP+4}
   (You found it in a Gauntlet)

   It insulates you from electricity.
   It affects your magic capacity (+4).
   It causes magical contamination when unequipped.
 x - a +1 buckler (worn)
 y - the +1 ring mail "Jegil" (worn) {Int+3 Slay+3}
   (You found it on level 5 of the Dungeon)

   It affects your intelligence (+3).
   It affects your accuracy and damage with ranged weapons and melee attacks
   (+3).
 A - a scarf of resistance (worn)
Magical Staves
 a - an uncursed staff of cold {!a}
Jewellery
 i - a +4 amulet of reflection
 m - an uncursed ring of positive energy
 r - a +3 ring of protection (right hand)
 D - an uncursed ring of positive energy
 H - a ring of wizardry (left hand)
 I - an amulet of magic regeneration (around neck)
 M - the amulet "Ockych" {Reflect Int+4 SH+2}
   (You found it in a Gauntlet)

   [amulet of reflection]

   It shields you and reflects attacks.
   It affects your intelligence (+4).
   It affects your SH (+2).
 V - the ring "Ytiban" {+Inv +Fly EV+4 Slay-4}
   (You took it off an orc wizard on level 13 of the Dungeon)

   [ring of evasion]

   It affects your evasion (+4).
   It affects your accuracy and damage with ranged weapons and melee attacks
   (-4).
   It lets you turn invisible.
   It lets you fly.
Wands
 c - a wand of enslavement (1)
 q - a wand of paralysis (12)
 w - a wand of polymorph (14)
 B - a wand of iceblast (7)
 J - a wand of flame (21)
 U - a wand of random effects (33)
 X - a wand of clouds (4)
Scrolls
 k - 5 scrolls of remove curse
 l - 2 scrolls of blinking
 n - a scroll of enchant weapon
 s - 3 scrolls of immolation
 z - 3 scrolls of identify
 F - 5 scrolls of teleportation
 K - 2 scrolls of magic mapping
 L - a scroll of amnesia
 R - a scroll of enchant armour
Potions
 e - a potion of magic
 g - 2 potions of heal wounds
 j - a potion of resistance {unknown}
 o - 3 potions of haste
 p - 6 potions of curing
 t - 3 potions of brilliance
 v - 3 potions of mutation
 C - a potion of lignification
 G - 2 potions of might
 W - a potion of flight
Miscellaneous
 Q - a crystal ball of energy
 T - a crystal ball of energy
Comestibles
 f - 26 rations
 Z - 9 chunks of flesh


   Skills:
 + Level 5.1(3.9) Fighting
 + Level 5.8(4.5) Short Blades
 - Level 1.8(0.7) Crossbows
 - Level 1.0(0.0) Throwing
 + Level 6.6(5.4) Armour
 + Level 5.1(3.9) Dodging
 - Level 0.3(0.0) Stealth
 - Level 4.0(2.8) Shields
 * Level 12.3(10.8) Spellcasting
 * Level 10.7(9.3) Conjurations
 + Level 1.4(0.3) Translocations
 + Level 1.9(0.8) Fire Magic
 - Level 2.9(1.7) Ice Magic
 + Level 1.5(0.4) Air Magic
 + Level 1.5(0.4) Poison Magic
 - Level 1.3(0.2) Evocations


You had 19 spell levels left.
You knew the following spells:

 Your Spells              Type           Power        Failure   Level  Hunger
a - Freeze                Ice            ####         1%          1    None
b - Throw Frost           Conj/Ice       #####.       1%          2    None
c - Throw Icicle          Conj/Ice       #####...     3%          4    None
d - Mephitic Cloud        Conj/Pois/Air  ####....     2%          3    None
e - Fireball              Conj/Fire      #####.....   11%         5    ###....
B - Blink                 Tloc           N/A          4%          2    None

Your spell library contained the following spells:

 Spells                   Type           Power        Failure   Level  Hunger
 Flame Tongue             Conj/Fire      #####        1%          1    None
 Magic Dart               Conj           ####         1%          1    None
 Throw Flame              Conj/Fire      #####.       1%          2    None
 Conjure Flame            Conj/Fire      #####...     1%          3    None
 Call Imp                 Summ           ###.....     4%          2    None
 Passwall                 Tmut/Erth      ###.....     4%          2    None
 Slow                     Hex            ###.....     4%          2    None
 Swiftness                Chrm/Air       ###.....     4%          2    None
 Sticky Flame             Conj/Fire      #####...     4%          4    None
 Ozocubu's Armour         Chrm/Ice       ###.....     6%          3    None
 Inner Flame              Hex/Fire       ###.....     8%          3    None
 Recall                   Summ/Tloc      N/A          9%          3    None
 Summon Ice Beast         Ice/Summ       ###.....     21%         4    None
 Passage of Golubria      Tloc           N/A          26%         4    None
 Summon Forest            Summ/Tloc      ###.......   58%         5    ###....
 Aura of Abjuration       Summ           ###.......   61%         5    ###....
 Lee's Rapid Deconstruct  Erth           ###.......   61%         5    ###....
 Summon Demon             Summ           ###.......   61%         5    ###....
 Summon Mana Viper        Hex/Summ       ###.....     61%         5    ###....
 Darkness                 Hex            ###.......   98%         6    #####..
 Invisibility             Hex            ###.....     98%         6    #####..
 Shadow Creatures         Summ           N/A          98%         6    #####..


Dungeon Overview and Level Annotations

Branches:
Dungeon (15/15)            Temple (0/1) D:6            Lair (0/6) D:8
    Orc (2/2) D:12         Vaults (0/5) D:14
    Elf: Orc:2       Depths: D:15

Shops:
D:9 **   D:11 :   Orc:2 *

Portals:
Ice
Cave: Orc:2

Annotations:
Orc:2 Nessos


Innate Abilities, Weirdness & Mutations

You have an increased reservoir of magic. (+10% MP)


Message History

Saving game... please wait.
You feel a wave of frost pass over you.
There is an entrance to an ice cave on this level.
Hurry and find it before the portal melts!
You feel an oppressive heat about you.
There is an entrance to a volcano on this level.
Hurry and find it before the entrance collapses!
Level annotation: Nessos Welcome back, emperorscorpion the Demigod Wanderer.
Press ? for a list of commands and other information.
Unknown command.
Okay, then.
The orc knight roars a battlecry!
The orc sorcerer goes into a battle-frenzy!
You block the warg's attack.
The orc sorcerer gestures at you while chanting.
The bolt of negative energy hits you!!
You feel drained.
* * * LOW HITPOINT WARNING * * *
The warg closely misses you.
The orc sorcerer points at you and mumbles some strange words.
The bolt of negative energy hits you!!
You feel drained.
You die...

..... ....# ##..... .....P.
##.P..8.. #.....P.. #.P......
# #####@....∩........... ...
###.##h.................
....##.+...oo............#.#.
∩.c.4..#4....P........o...#..
#.c.#............#....o.
###..#$.o#P....#.###.o..
#..#...####.#...##....
#........#..#$.##..)..
#.#.#.#........)$$)).).


You could see Nessos, an orc knight, an ice devil, a warg, an orc sorcerer and
an orc warrior.

Vanquished Creatures
  An orc warlord (Orc:2)
  A minotaur (Gauntlet)
  Erica (D:8)
  The ghost of SaintRoka the Thaumaturge, a journeyman GnWz of Cheibriados (D:11)
  A dancing weapon (D:11)
  5 two-headed ogres
  2 ogre magi (D:14)
  An unseen horror (D:9)
  2 wizards (Gauntlet)
  Pikel (D:6)
  3 orc knights (Orc:2)
  An orc sorcerer (Orc:1)
  10 ugly things
  A cyclops (D:13)
  2 manticores
  3 centaur zombies
  3 gargoyles
  A kobold demonologist (D:14)
  6 trolls
  Grinder (D:4)
  A hornet (D:9)
  12 slime creatures
  2 hippogriffs
  4 wraiths
  2 shadows
  A vampire (D:9)
  3 yaks (D:14)
  Eustachio (D:6)
  2 wargs
  2 acid dragons
  A hell hound (Orc:1)
  A water moccasin (D:9)
  A sky beast (D:5)
  3 slaves (D:6)
  3 ice beasts
  20 orc warriors
  3 black bears
  4 phantoms
  An eye of draining (D:13)
  6 ogres
  2 centaurs
  A crocodile (D:9)
  2 big kobolds
  10 bullfrogs
  A gnoll sergeant (D:10)
  6 scorpions
  A water moccasin skeleton (D:12)
  7 killer bees
  7 wights
  A howler monkey (D:10)
  6 crimson imps
  12 hounds
  6 centaur skeletons
  A jelly (D:5)
  11 orc priests
  23 orc wizards
  Crazy Yiuf (D:4)
  2 bullfrog skeletons
  5 iguanas
  Natasha (thrice) (D:3)
  11 worker ants
  A hound zombie (D:10)
  A hound skeleton (D:9)
  A howler monkey zombie (D:5)
  Robin (D:2)
  13 gnolls
  2 worker ant zombies
  12 adders
  6 shadow imps
  A white imp (Gauntlet)
  4 oozes
  An adder skeleton (D:5)
  4 dart slugs
  3 leopard geckos
  75 orcs
  2 ball pythons
  7 giant cockroaches
  14 goblins
  12 hobgoblins
  5 quokkas
  8 bats
  5 frilled lizards
  2 jackal skeletons
  16 kobolds
  A leopard gecko skeleton (D:9)
  A quokka zombie (D:6)
  4 rats
441 creatures vanquished.

Vanquished Creatures (collateral kills)
  A soldier ant (D:8)
  A worker ant (D:8)
  A kobold (D:13)
3 creatures vanquished.

Vanquished Creatures (others)
  A hornet (D:8)
  A soldier ant (D:8)
  A slave (D:6)
  A necrophage (D:6)
  A gnoll (D:10)
  3 fungi
  A plant (Gauntlet)
9 creatures vanquished.

Grand Total: 453 creatures vanquished

Notes
Turn   | Place    | Note
-------+----------+-------------------------------------------
     0 | D:1      | emperorscorpion the Demigod Wanderer began the quest for
                  | the Orb.
     0 | D:1      | emperorscorpion set off with the following items: a +0 hand
                  | crossbow, a +0 ring mail, 23 bolts, a ration; and the
                  | following spell memorised: Freeze; and the following spells
                  | available to memorise: Throw Frost, Ozocubu's Armour,
                  | Summon Ice Beast, Throw Icicle
     0 | D:1      | Reached XP level 1. HP: 18/18 MP: 3/3
   180 | D:1      | Reached XP level 2. HP: 22/26 MP: 0/4
  1317 | D:2      | Reached XP level 3. HP: 31/31 MP: 3/6
  1368 | D:2      | Reached skill level 1 in Spellcasting
  1487 | D:2      | Reached skill level 1 in Armour
  1942 | D:2      | Learned a level 2 spell: Throw Frost
  1976 | D:2      | Reached XP level 4. HP: 34/38 MP: 1/9
  2092 | D:2      | Reached skill level 2 in Spellcasting
  2163 | D:2      | Learned a level 4 spell: Throw Icicle
  2537 | D:2      | Noticed Robin
  2655 | D:2      | Killed Robin
  2979 | D:3      | Reached XP level 5. HP: 22/45 MP: 1/11
  3327 | D:3      | Noticed Natasha
  3335 | D:3      | Killed Natasha
  3335 | D:3      | Reached skill level 1 in Short Blades
  3558 | D:3      | Noticed Natasha
  3568 | D:3      | Killed Natasha
  3717 | D:3      | Noticed Natasha
  3730 | D:3      | Killed Natasha
  3730 | D:3      | Reached skill level 3 in Spellcasting
  3730 | D:3      | Reached skill level 1 in Conjurations
  4850 | D:4      | Reached skill level 1 in Dodging
  4913 | D:4      | Noticed Grinder
  4921 | D:4      | Killed Grinder
  4921 | D:4      | Reached XP level 6. HP: 51/51 MP: 12/14
  5196 | D:5      | Entered Level 5 of the Dungeon
  5201 | D:5      | Reached XP level 7. HP: 42/57 MP: 3/16
  5454 | D:5      | Reached skill level 4 in Spellcasting
  5460 | D:5      | Got a jewelled ring mail
  5471 | D:5      | Identified the +1 ring mail "Jegil" {Int+3 Slay+3} (You
                  | found it on level 5 of the Dungeon)
  6152 | D:4      | Found a runed translucent door.
  6153 | D:4      | Noticed Crazy Yiuf
  6575 | D:4      | Killed Crazy Yiuf
  7062 | D:5      | Reached XP level 8. HP: 66/66 MP: 13/18
  7129 | D:5      | Reached skill level 5 in Spellcasting
  7706 | D:6      | Learned a level 2 spell: Blink
  7710 | D:6      | Learned a level 3 spell: Mephitic Cloud
  7981 | D:6      | Noticed Pikel
  8010 | D:6      | Killed Pikel
  8221 | D:6      | Found a shadowy altar of Dithmenos.
  8221 | D:6      | Noticed Eustachio
  8276 | D:6      | Killed Eustachio
  8431 | D:6      | Found a staircase to the Ecumenical Temple.
  8759 | D:7      | Reached XP level 9. HP: 71/71 MP: 17/20
  9567 | D:7      | Reached skill level 6 in Spellcasting
  9766 | D:8      | Reached skill level 1 in Evocations
  9903 | D:8      | Found a blossoming altar of Fedhas.
 10050 | D:8      | Noticed Erica
 10573 | D:8      | Killed Erica
 10573 | D:8      | Reached skill level 5 in Armour
 10773 | D:8      | Reached skill level 7 in Spellcasting
 10877 | D:8      | Found a glowing golden altar of the Shining One.
 10935 | D:8      | Found an ancient bone altar of Kikubaaqudgha.
 10938 | D:8      | Found a deep blue altar of Sif Muna.
 10964 | D:8      | Found a staircase to the Lair.
 11441 | D:9      | Reached XP level 10. HP: 80/80 MP: 16/25
 11505 | D:9      | Found a burning altar of Makhleb.
 11512 | D:9      | Reached skill level 5 in Conjurations
 11850 | D:9      | Found Misiesaov's General Store.
 11855 | D:9      | Bought a wand of flame (26) for 182 gold pieces
 11855 | D:9      | Bought a potion of haste for 130 gold pieces
 11855 | D:9      | Bought a scroll of teleportation for 39 gold pieces
 11855 | D:9      | Bought a scroll of magic mapping for 45 gold pieces
 11889 | D:9      | Noticed a two-headed ogre
 11893 | D:9      | Killed a two-headed ogre
 11893 | D:9      | Reached skill level 8 in Spellcasting
 12020 | D:9      | Killed an unseen horror
 12368 | D:9      | Learned a level 5 spell: Fireball
 12552 | D:9      | Found a glowing silver altar of Zin.
 12557 | D:9      | Found Benyo's Bounteous Boutique.
 12586 | D:9      | Noticed a green death
 12589 | D:9      | Noticed an angel
 12666 | D:10     | Entered Level 10 of the Dungeon
 13193 | D:10     | Identified the +5 leather armour of Lugonu's Benevolence
                  | {Dex+2} (You found it on level 10 of the Dungeon)
 13490 | D:11     | Noticed a red ugly thing
 13497 | D:11     | Killed a red ugly thing
 13643 | D:11     | Noticed a two-headed ogre
 13703 | D:11     | Killed a two-headed ogre
 13703 | D:11     | Reached skill level 9 in Spellcasting
 13908 | D:11     | Noticed a red ugly thing
 13919 | D:11     | Killed a brown ugly thing
 13919 | D:11     | Reached XP level 11. HP: 85/85 MP: 4/28
 14223 | D:11     | You fall through a shaft for 3 floors!
 14362 | D:14     | Reached skill level 1 in Fire Magic
 14385 | D:14     | Noticed a two-headed ogre
 14416 | D:14     | Killed a two-headed ogre
 14416 | D:14     | Reached skill level 5 in Short Blades
 14465 | D:14     | Found a gate to the Vaults.
 14475 | D:14     | Noticed a two-headed ogre
 14504 | D:14     | Found a gate leading to a gauntlet.
 14513 | Gauntlet | Entered a Gauntlet
 14513 | Gauntlet | Found a transporter.
 14522 | Gauntlet | Noticed a wizard
 14589 | Gauntlet | Found a transporter.
 14589 | Gauntlet | Noticed a cacodemon
 14589 | Gauntlet | Noticed a wizard
 14602 | Gauntlet | Found a transporter.
 14606 | Gauntlet | Found a transporter.
 14614 | Gauntlet | Noticed a reaper
 14616 | Gauntlet | Found a transporter.
 14633 | Gauntlet | Noticed a catoblepas
 14636 | Gauntlet | Found a transporter.
 14649 | Gauntlet | Found a transporter.
 14650 | Gauntlet | Noticed a sixfirhy
 14652 | Gauntlet | Noticed a sixfirhy
 14653 | Gauntlet | Noticed a sixfirhy
 14669 | Gauntlet | Found a transporter.
 14673 | Gauntlet | Found a transporter.
 14679 | Gauntlet | Noticed a green death
 14681 | Gauntlet | Found a transporter.
 14705 | Gauntlet | Found a transporter.
 14706 | Gauntlet | Found a transporter.
 14872 | Gauntlet | Killed a wizard
 14885 | Gauntlet | Killed a wizard
 14885 | Gauntlet | Reached skill level 1 in Poison Magic
 14980 | Gauntlet | Got a fine jade amulet
 15008 | Gauntlet | Noticed a minotaur
 15021 | Gauntlet | Killed a minotaur
 15021 | Gauntlet | Reached skill level 1 in Air Magic
 15177 | Gauntlet | Found the +0 Maxwell's etheric cage {RegenMP+ *Contam rElec
                  | MP+4}
 15193 | Gauntlet | Identified the amulet "Ockych" {Reflect Int+4 SH+2} (You
                  | found it in a Gauntlet)
 15213 | D:14     | Killed a two-headed ogre
 15307 | D:14     | Noticed an ogre mage
 15313 | D:14     | Killed an ogre mage
 15313 | D:14     | Reached skill level 10 in Spellcasting
 15634 | D:14     | Reached XP level 12. HP: 74/93 MP: 4/30
 15830 | D:15     | Entered Level 15 of the Dungeon
 15839 | D:15     | Noticed an ogre mage
 15850 | D:15     | Noticed a death knight
 15855 | D:14     | Killed an ogre mage
 16242 | D:13     | Reached skill level 1 in Translocations
 16530 | D:13     | Identified the ring "Ytiban" {+Inv +Fly EV+4 Slay-4}
 16646 | D:13     | Reached skill level 11 in Spellcasting
 17667 | D:12     | Found a staircase to the Orcish Mines.
 17865 | D:12     | Reached skill level 5 in Dodging
 18585 | D:12     | Reached skill level 10 in Conjurations
 18591 | D:12     | Reached skill level 5 in Fighting
 19120 | D:12     | Reached skill level 12 in Spellcasting
 19339 | D:11     | Found a runed translucent door.
 19339 | D:11     | Found a shimmering altar of Xom.
 19339 | D:11     | Noticed SaintRoka's ghost (journeyman GnWz)
 19361 | D:11     | Killed SaintRoka's ghost
 19659 | D:11     | Found Jial's Book Emporium.
 19722 | Orc:1    | Entered Level 1 of the Orcish Mines
 19882 | Orc:2    | Entered Level 2 of the Orcish Mines
 19904 | Orc:1    | Reached XP level 13. HP: 100/100 MP: 14/34
 19943 | Orc:2    | Noticed an orc warlord
 19988 | Orc:2    | Killed an orc warlord
 20004 | Orc:2    | Found Qumew's General Store.
 20010 | Orc:2    | Found a frozen archway.
 20010 | Orc:2    | Noticed Nessos
 20012 | Orc:2    | Upgraded the game from 0.24-a0-232-g49d9ff8 to
                  | 0.24-a0-235-g3f03afc
 20015 | Orc:2    | Killed from afar by an orc sorcerer

Levels and vault maps discovered:
D:1:      eino_arrival_cavern_b, layout_basic, grunt_decor_cap
D:2:      layout_basic, first_ration, minmay_joined_circles, uniq_robin
D:3:      layout_basic, uniq_natasha
D:4:      cheibrodos_pilgrimage, layout_basic, uniq_grinder,
          uniq_crazy_yiuf_cottage
D:5:      layout_basic
D:6:      layout_rooms, minmay_temple_entry_slanted, basic_altar, uniq_pikel,
          uniq_eustachio
D:7:      layout_loops_corners
D:8:      layout_gridville, grunt_temple_overflow_open,
          erik_lair_orcish_takeover, hangedman_pestilent_swarm,
          dk_noncrumbling_4, uniq_erica
D:9:      cheibrodos_ideogram_h, layout_grid_maze,
          grunt_temple_overflow_order_and_chaos_2, serial_shops, shop,
          minmay_misc_feat_room, nicolae_alphabet_shops, minmay_between
D:10:     layout_loops_cross
D:11:     layout_basic, serial_shops, kennysheep_mini_moat, ebering_ghost_xom
D:12:     layout_rooms, orc_0_dummy
D:13:     wander_river, layout_basic
D:14:     layout_loops_ring, david_vaults_2, gauntlet_entry_generic
D:15:     gammafunk_enter_depths_forms, layout_small_grid, basic_altar,
          nicolae_dithmenos_the_darkroom
Orc:1:    layout_caves, abandoned_shop, minmay_orc_treasury
Orc:2:    grunt_orc_gardens, layout_caves, grunt_orc_garden, grunt_orc_garden,
          grunt_orc_garden, grunt_orc_garden, nicolae_volcano_entry_vermiform,
          portal_ice_cave_demonic_guard, trog_book, uniq_rupert, uniq_josephine,
          uniq_azrael, uniq_nessos
Gauntlet: minmay_gauntlet_mixed_oops_all_seconds [minmay_gauntlet_arena_77_mess,
          gammafunk_gauntlet_arena_mazey, minmay_gauntlet_arena_77_mirror,
          nicolae_gauntlet_swirl, minmay_gauntlet_arena_77_broken_ladder,
          gammafunk_gauntlet_arena_spirals, gauntlet_exit_green]

Skill      XL: |  1  2  3  4  5  6  7  8  9 10 11 12 |
---------------+-------------------------------------+-----
Fighting       | 3 4 5 |  5.1
Spellcasting   | 1 2 3 4 5 7 9 10 12 | 12.3
Armour         | 1 2 3 4 5 6 |  6.6
Short Blades   | 1 2 4 5 |  5.8
Conjurations   | 1 2 3 4 7 8 10 | 10.7
Dodging        | 1 2 3 4 5 |  5.1
Shields        | 2 3 4 |  4.0
Evocations     | 1 |  1.3
Fire Magic     | 1 |  1.9
Poison Magic   | 1 |  1.5
Air Magic      | 1 |  1.5
Translocations | 1 |  1.4
Crossbows      | |  1.8
Throwing       | |  1.0
Stealth        | |  0.3
Ice Magic      | |  2.9

Action                   |  1- 3 |  4- 6 |  7- 9 | 10-12 | 13-15 || total
-------------------------+-------+-------+-------+-------+-------++-------
Melee: Dagger            |    40 |   148 |   405 |   210 |    20 ||   823
 Fire: Hand crossbow     |     4 |       |       |       |       ||     4
 Cast: Freeze            |    47 |    13 |    16 |    39 |       ||   115
       Throw Frost       |     4 |    42 |    71 |    12 |       ||   129
       Throw Icicle      |       |       |    62 |   381 |     2 ||   445
       Mephitic Cloud    |       |       |     3 |    22 |     5 ||    30
       Blink             |       |       |     4 |    27 |       ||    31
       Fireball          |       |       |       |    16 |    11 ||    27
Evoke: Wand              |       |       |     7 |    11 |     1 ||    19
  Use: Scroll            |       |     8 |     8 |    12 |     1 ||    29
       Potion            |       |     1 |       |     7 |     2 ||    10
 Stab: Confused          |       |       |       |    13 |     2 ||    15
  Eat: Chunk             |     2 |     9 |    27 |    25 |       ||    63
       Ration            |     1 |     1 |       |     2 |       ||     4
Armor: Ring mail         |    33 |    49 |   134 |   110 |     5 ||   331
Dodge: Dodged            |    47 |    68 |   145 |   180 |    25 ||   465
Block: Other             |       |    13 |       |       |       ||    13
       Buckler           |       |       |    93 |    69 |    15 ||   177

Table legend:
 A = Non-vault XP
 B = Vault XP
 C = Vault XP percentage of total XP
 D = Non-vault monster count
 E = Vault monster count
 F = Vault count percentage of total count
                 A         B        C        D         E       F
            +---------+---------+-------+---------+---------+-------
      Total |   32648 |   17837 |  35.3 |     354 |      89 |  20.1
            +---------+---------+-------+---------+---------+-------
        D:1 |      46 |       2 |   4.2 |      25 |       1 |   3.8
        D:2 |      73 |      64 |  46.7 |      15 |      22 |  59.5
        D:3 |     162 |      35 |  17.8 |      15 |       1 |   6.2
        D:4 |     593 |     381 |  39.1 |      23 |       9 |  28.1
        D:5 |     589 |       0 |   0.0 |      17 |       0 |   0.0
        D:6 |     492 |     838 |  63.0 |      26 |       2 |   7.1
        D:7 |     562 |     155 |  21.6 |      17 |       1 |   5.6
        D:8 |     744 |    1472 |  66.4 |      19 |       9 |  32.1
        D:9 |     396 |    3062 |  88.5 |       8 |      18 |  69.2
       D:10 |    1190 |       0 |   0.0 |      24 |       0 |   0.0
       D:11 |    3175 |    1852 |  36.8 |      14 |       2 |  12.5
       D:12 |    8746 |       0 |   0.0 |      54 |       0 |   0.0
       D:13 |    6194 |       0 |   0.0 |      41 |       0 |   0.0
       D:14 |    7821 |    2691 |  25.6 |      23 |       3 |  11.5
      Orc:1 |    1240 |     287 |  18.8 |      16 |       2 |  11.1
      Orc:2 |     625 |    3989 |  86.5 |      17 |      12 |  41.4
   Gauntlet |       0 |    3009 | 100.0 |       0 |       7 | 100.0
            +---------+---------+-------+---------+---------+-------
